 Dungeon Crawl Stone Soup version 0.18-a0-1637-g109f206 (webtiles) character file.

730 Duffy the Cleaver (level 8, 33/56 HPs)
             Began as a Formicid Gladiator on Mar 26, 2016.
             Starved to death
             ... while paralysed
             ... on level 6 of the Dungeon.
             The game lasted 00:03:49 (3900 turns).

Duffy the Cleaver (Formicid Gladiator)              Turns: 3900, Time: 00:03:50

Health: 33/56      AC: 11    Str: 20    XL:     8   Next: 3%
Magic:  8/8        EV:  2    Int:  8    God:
Gold:   119        SH:  0    Dex: 13    Spells: 0 memorised, 7 levels left

rFire  . . .     SeeInvis +     a - +0 war axe
rCold  . . .     Gourm    .     y - +0 plate armour
rNeg   . . .     Faith    .     (no shield)
rPois  .         Spirit   .     (helmet unavailable)
rElec  .         Dismiss  .     A - +0 cloak
rCorr  .         Reflect  .     (no gloves)
SustAt .         Harm     .     (no boots)
MR     .....                    (no amulet)
Stlth  ..........               x - +1 ring of evasion
                                u - ring of flight

@: paralysed, fainting, not resistant to hostile enchantments, extremely
unstealthy
A: permanent stasis, dig shafts and tunnels, four strong arms, antennae 3
a: Dig, Shaft Self, Evoke Flight


You were on level 6 of the Dungeon.
You were fainting.

You visited 2 branches of the dungeon, and saw 7 of its levels.

You collected 119 gold pieces.


Innate Abilities, Weirdness & Mutations

You are under a permanent stasis effect.
You can dig through walls and to a lower floor.
Your four strong arms can wield two-handed weapons with a shield.
You have a pair of large antennae on your head (SInv).


   Skills:
 - Level 2.1 Fighting
 + Level 8.9 Axes
 - Level 2.0 Throwing
 - Level 2.6 Dodging


You had 7 spell levels left.
You didn't know any spells.

Inventory:

Hand Weapons
 a - a +0 war axe (weapon)
Missiles
 c - 3 throwing nets (quivered)
 o - 48 poisoned needles
Armour
 b - a +0 leather armour
 k - a +0 ring mail
 y - a +0 plate armour (worn)
 A - a +0 cloak (worn)
Jewellery
 u - a ring of flight (left hand)
 x - a +1 ring of evasion (right hand)
Wands
 t - a wand of confusion (16/48)
Scrolls
 e - a scroll of remove curse {unknown}
 f - 5 scrolls of identify {unknown}
 h - a scroll of enchant armour {unknown}
 i - a scroll of magic mapping {unknown}
 l - a scroll of amnesia {unknown}
 n - a scroll of fear {unknown}
 q - a scroll of enchant weapon {unknown}
 r - a scroll of fog {unknown}
 v - a scroll of noise {unknown}
 w - a scroll of recharging {unknown}
Potions
 g - a potion of mutation {unknown}
 m - a potion of curing {unknown}
 p - 3 potions of heal wounds {unknown}
 s - 2 potions of ambrosia {unknown}
 z - a potion of flight {unknown}
Comestibles
 d - 2 bread rations

Dungeon Overview and Level Annotations

Branches:
Dungeon (6/15)             Temple (1/1) D:4

Altars:
Dithmenos
Fedhas
Gozag
Nemelex Xobeh
Okawaru
Qazlal
Ru
Sif Muna
Trog
Vehumet
Xom
Yredelemnul
The Shining One


Message History

The hungry ghost hits you.
You feel somewhat more hungry.
You miss the hungry ghost.
The hungry ghost is heavily damaged.
The hungry ghost hits you.
You are fainting from starvation!
Your plate armour prevents you from hitting the hungry ghost.
The hungry ghost is heavily damaged.
The hungry ghost hits you.
You feel slightly more hungry.
You barely miss the hungry ghost.
The hungry ghost is heavily damaged.
The hungry ghost hits you.
You feel slightly more hungry.
You miss the hungry ghost.
The hungry ghost is heavily damaged.
The hungry ghost hits you.
You feel slightly more hungry.
You slash the hungry ghost!
The hungry ghost is severely damaged.
The hungry ghost hits you.
You feel slightly more hungry.
You closely miss the hungry ghost.
The hungry ghost is severely damaged.
The hungry ghost hits you.
You feel slightly more hungry.
You miss the hungry ghost.
The hungry ghost is severely damaged.
The hungry ghost hits you.
You feel slightly more hungry. The hungry ghost hits you.
You feel slightly more hungry.
You closely miss the hungry ghost.
The hungry ghost is severely damaged.
You lose consciousness!
The hungry ghost hits you.
You feel slightly more hungry. The hungry ghost hits you.
You feel slightly more hungry. The hungry ghost hits you.
You feel slightly more hungry. The hungry ghost hits you.
You feel slightly more hungry. The hungry ghost hits you.
The hungry ghost hits you.
You have starved to death.
You die...

.......
.....
....
#.. #.#
#.# #o#
#W# #@#
###


You could see a hungry ghost and an orc.

Action                   |  1- 3 |  4- 6 |  7- 9 || total
-------------------------+-------+-------+-------++-------
Melee: War axe           |    74 |    70 |   160 ||   304
 Abil: Dig               |       |       |     1 ||     1
Evoke: Wand              |       |     5 |       ||     5
 Stab: Confused          |       |     3 |       ||     3
  Eat: Chunk             |       |     5 |     3 ||     8
       Bread ration      |       |       |     2 ||     2
       Pizza             |       |       |     1 ||     1

Notes
Turn   | Place    | Note
--------------------------------------------------------------
     0 | D:1      | Duffy the Formicid Gladiator began the quest for the Orb.
     0 | D:1      | Reached XP level 1. HP: 16/16 MP: 1/1
   241 | D:1      | Reached XP level 2. HP: 16/22 MP: 2/2
   691 | D:2      | Reached skill level 4 in Axes
   691 | D:2      | Reached XP level 3. HP: 27/27 MP: 3/3
  1050 | D:3      | Reached XP level 4. HP: 28/33 MP: 4/4
  1128 | D:4      | Reached skill level 5 in Axes
  1224 | D:4      | Reached XP level 5. HP: 34/38 MP: 5/5
  1325 | D:4      | Noticed Menkaure
  1329 | D:4      | Noticed Blork the orc
  1344 | D:4      | Killed Blork the orc
  1344 | D:4      | Reached skill level 6 in Axes
  1512 | D:4      | Reached XP level 6. HP: 34/44 MP: 6/6
  1927 | D:4      | Noticed an ogre
  1936 | D:4      | Killed an ogre
  1936 | D:4      | Reached skill level 7 in Axes
  2058 | D:4      | Found a stormy altar of Qazlal.
  2372 | D:4      | Found a staircase to the Ecumenical Temple.
  2381 | Temple   | Entered the Ecumenical Temple
  2524 | D:4      | Reached XP level 7. HP: 36/50 MP: 7/7
  2687 | D:5      | Entered Level 5 of the Dungeon
  2690 | D:5      | Found an iron altar of Okawaru.
  2977 | D:5      | Reached skill level 8 in Axes
  3340 | D:5      | Reached XP level 8. HP: 28/56 MP: 8/8
  3690 | D:5      | Found a glowing golden altar of the Shining One.
  3894 | D:6      | Paralysed by fainting for 7 turns
  3900 | D:6      | Starved to death

Vault maps used:
D:1:      eino_arrival_cavern_b, minivault_14, serial_bayou_crossing
D:3:      elyvilon_altar_5, first_bread, lemuel_statue_altar
D:4:      temple_statues, grunt_qazlal_clouds, uniq_blork_the_orc, uniq_menkaure
D:5:      lemuel_doored_altar, okawaru_ov_weapons_minmay
D:6:      lemuel_crystal_altar, kiku_gazebo_garden_becter
Temple:   circular_temple_12

Vanquished Creatures
  A phantom
  2 ogres Blork the orc
  A scorpion
  A howler monkey
  2 crimson imps
  A jelly
  A centaur skeleton
  4 worker ants
  4 adders
  A shadow imp
  An ooze
  2 adder skeletons
  A worm
  A giant gecko
  2 ball pythons
  A bat
  3 giant cockroaches
  5 goblins
  2 hobgoblins
  2 jackals
  6 kobolds
  2 giant newts
  6 rats
53 creatures vanquished.
